 Dungeon Crawl Stone Soup version 0.29.1-2-gbd0b4ee654 (webtiles) character file.

Game seed: 5057695761463119227

105 firemarshallily the Sneak (level 4, 0/38 HPs)
             Began as a Ghoul Brigand on Oct 31, 2022.
             Was a Believer of Trog.
             Slain by an iguana (8 damage)
             ... on level 3 of the Dungeon.
             The game lasted 00:07:48 (2944 turns).

firemarshallily the Sneak (Ghoul Brigand)           Turns: 2944, Time: 00:07:49

Health: 0/38       AC:  6    Str: 14    XL:     4   Next: 81%
Magic:  12/12      EV: 12    Int: 12    God:    Trog [**....]
Gold:   75         SH:  0    Dex: 12    Spells: 3/3 levels left

rFire   . . .      SeeInvis .     - Unarmed
rCold   + . .      Faith    .   (no shield)
rNeg    + + +      Spirit   .   b - +0 robe
rPois   ∞          Reflect  .   p - +0 helmet
rElec   .          Harm     .   c - +0 cloak
rCorr   .          Rampage  .   (no gloves)
Will    .....                   m - +1 pair of boots
Stlth   +++.......              (no amulet)
HPRegen 0.00/turn               k - +6 ring of intelligence
MPRegen 0.13/turn               n - ring of magical power

@: inhibited regen
A: claws 1, cold resistance 1, negative energy resistance 3, inhibited
regeneration, torment resistance 2, devour on kill
a: Renounce Religion, Trog's Hand


You were on level 3 of the Dungeon.
You worshipped Trog.
Trog was pleased with you.
You visited 1 branch of the dungeon, and saw 3 of its levels.

You collected 75 gold pieces.

Inventory:

Hand Weapons
 a - a +2 dagger
Missiles
 d - 9 poisoned darts (quivered)
 e - 3 curare-tipped darts
Armour
 b - a +0 robe (worn)
 c - a +0 cloak (worn)
 m - a +1 pair of boots (worn)
 p - a +0 helmet (worn)
Jewellery
 k - a +6 ring of intelligence (left claw)
 n - a ring of magical power (right claw)
Scrolls
 f - a scroll of magic mapping {unknown}
 h - a scroll of poison
 i - a scroll of vulnerability {unknown}
 j - a scroll of teleportation
 q - 3 scrolls of enchant weapon {unknown}
 t - a scroll of immolation
Potions
 g - a potion of invisibility {unknown}
 l - a potion of ambrosia {unknown}
 o - 2 potions of berserk rage {unknown}
 r - a potion of might {unknown}
 s - a potion of haste {unknown}


   Skills:
 + Level 3.0 Fighting
 - Level 1.7 Short Blades
 - Level 1.7 Throwing
 * Level 2.2 Dodging
 - Level 4.6 Stealth
 * Level 2.8 Unarmed Combat


You had 3 spell levels left.
You didn't know any spells.
Your spell library contained the following spells:

 Spells                   Type           Power      Damage    Failure   Level
 Dazzling Flash           Conj/Hex       0%         N/A       69%         3
 Iskenderun's Mystic Bla  Conj/Tloc      0%         2d3       97%         4
 Starburst                Conj/Fire      0%         6d3       100%        6


Dungeon Overview and Level Annotations

Branches:
Dungeon (3/15)

Altars:
Okawaru
Trog

Shops:
D:2 (*(


Innate Abilities, Weirdness & Mutations

You are immune to poison.
You have sharp fingernails.
Your flesh is cold resistant. (rC+)
You are immune to negative energy. (rN+++)
You do not regenerate when monsters are visible.
You are immune to unholy pain and torment.
You thrive by killing the living.


Message History

You closely miss the orc. The orc closely misses you.
You scratch the orc.
The orc is heavily wounded.
The orc completely misses you.
You scratch the orc.
The orc is severely wounded.
An ufetubus comes into view.
The orc barely misses you.
The ufetubus moves out of view.
You closely miss the orc.
The orc is severely wounded.
The orc hits you with a +0 morningstar.
You scratch the orc but do no damage.
The orc is severely wounded.
A bat comes into view.
The orc completely misses you.
You barely miss the orc.
The orc is severely wounded.
The orc hits you with a +0 morningstar.
You scratch the iguana.
The iguana is lightly wounded.
The iguana misses you. The orc hits you with a +0 morningstar.
You scratch the iguana.
The iguana is moderately wounded.
The orc barely misses you. The iguana bites you.
You closely miss the orc.
The orc is severely wounded.
The iguana closely misses you. The orc hits you but does no damage.
You closely miss the iguana. Your claw misses the iguana.
The iguana is moderately wounded.
The iguana bites you. The orc hits you with a +0 morningstar.
* * * LOW HITPOINT WARNING * * *
You scratch the iguana but do no damage.
The iguana is moderately wounded.
The iguana misses you.
You barely miss the iguana.
The iguana is moderately wounded.
You scratch the iguana.
The iguana is severely wounded.
The iguana bites you!
You die...

.....##......≈≈§§≈≈≈≈
...#######.#.........
...# ####.###..#####
...####...)....##
..............###
†#.####.........# #
.#.# #..>......# ..
.#.#
#.........######.#.#
...#
#.........@lo.......
..##
#.......####b...###
..# ####..### #..#.#
..# ##.# .....# ..#
#. #.#....o ..# #. ..
..##.# ..####### ..#
#.# .# .)....... #.
.. . ......... .. .#.


You could see an iguana, an orc and a bat.

Vanquished Creatures
  4 adders (D:3)
  3 worms
  A dart slug (D:2)
  5 ball pythons
  5 bats
  6 endoplasms
  2 giant cockroaches
  7 goblins
  2 hobgoblins
  6 jackals
  7 kobolds
  4 frilled lizards
  4 rats
56 creatures vanquished.

Notes
Turn   | Place    | Note
-------+----------+-------------------------------------------
     0 | D:1      | firemarshallily the Ghoul Brigand began the quest for the
                  | Orb.
     0 | D:1      | Reached XP level 1. HP: 17/17 MP: 0/0
   417 | D:1      | Reached skill level 1 in Unarmed Combat
   417 | D:1      | Reached XP level 2. HP: 23/25 MP: 1/1
   493 | D:1      | HP: 1/25 [bat (1)]
   812 | D:1      | Reached skill level 1 in Dodging
  1256 | D:1      | Found a faded altar of an unknown god.
  1260 | D:1      | Prayed at the altar of an unknown god.
  1260 | D:1      | Became a worshipper of Trog the Wrathful
  1260 | D:1      | Reached * piety under Trog
  1344 | D:1      | Reached XP level 3. HP: 30/30 MP: 2/2
  1604 | D:2      | Found Irrusali's Weapon Shoppe.
  2108 | D:2      | Found Henwoluy's Weapon Boutique.
  2412 | D:2      | Found Cuj Jah's General Store.
  2486 | D:3      | Reached XP level 4. HP: 37/37 MP: 3/3
  2855 | D:3      | Reached ** piety under Trog
  2890 | D:3      | Found an iron altar of Okawaru.
  2944 | D:3      | Slain by an iguana

Illustrated notes

Levels and vault maps discovered:
D:1:      dpeg_arrival_oval, layout_rooms,
          hellmonk_ecumenical_altar_inner_sanctum
D:2:      layout_basic, serial_shops, shop, nicolae_shop_bloodbath_and_beyond,
          nicolae_shop_hallway_stairs
D:3:      layout_loops_cross, mainiacjoe_overflow_concentric_impassable,
          minmay_fractal_squares_5

Skill      XL: |  1  2  3  4 |
---------------+-------------+-----
Unarmed Combat | 1 2 |  2.8
Dodging        | 1 2 |  2.2
Fighting       | 3 |  3.0
Short Blades   | |  1.7
Throwing       | |  1.7
Stealth        | |  4.6

Action                   |  1- 3 |  4- 6 || total
-------------------------+-------+-------++-------
Melee: Unarmed           |   170 |    69 ||   239
       Punch             |     2 |     3 ||     5
  Use: Scroll            |     4 |       ||     4
 Stab: Sleeping          |    11 |     1 ||    12
Armor: Robe              |    62 |    18 ||    80
Dodge: Dodged            |   110 |    34 ||   144
